 Dungeon Crawl Stone Soup version 0.26-b1-32-g5d43845318 (webtiles) character file.

Game seed: 12482537409213364847

197 Borgoz the Ruffian (level 5, -5/47 HPs)
             Began as a Ghoul Monk on Jan 10, 2021.
             Slain by a river rat (6 damage)
             ... in a sewer.
             The game lasted 00:04:57 (4019 turns).

Borgoz the Ruffian (Ghoul Monk)                     Turns: 4019, Time: 00:04:57

Health: -5/47      AC:  2    Str: 15    XL:     5   Next: 75%
Magic:  4/4        EV: 13    Int:  5    God:
Gold:   115        SH:  4    Dex: 12    Spells: 4/4 levels left

rFire    . . .     SeeInvis .     - Unarmed
rCold    + . .     Faith    .   h - +0 buckler
rNeg     + + +     Spirit   .   a - +0 robe
rPois    ∞         Reflect  .   (no helmet)
rElec    .         Harm     .   (no cloak)
rCorr    .         Rampage  .   (no gloves)
Will     .....                  (no boots)
Stlth    +.........             (no amulet)
HPRegen  0.00/turn              (no ring)
MPRegen  0.09/turn              (no ring)

@: very slow
A: claws 1, cold resistance 1, negative energy resistance 3, inhibited
regeneration, torment resistance, unbreathing
a: no special abilities


You were in a sewer.
You visited 1 branch of the dungeon, and saw 4 of its levels.
You also visited: Sewer.

You collected 115 gold pieces.

Inventory:

Armour
 a - a +0 robe (worn)
 h - a +0 buckler (worn)
 r - a +0 ring mail of willpower
Wands
 n - a wand of disintegration (11)
 o - a wand of acid (10)
Scrolls
 c - 2 scrolls of teleportation
 g - a scroll of immolation {unknown}
 j - 2 scrolls of magic mapping {unknown}
 l - 2 scrolls of remove curse
Potions
 b - 2 potions of brilliance
 f - 2 potions of cancellation {unknown}
 i - a potion of curing {unknown}
 m - a potion of resistance
 q - a potion of flight {unknown}
 s - a potion of magic {unknown}


   Skills:
 + Level 4.5 Fighting
 + Level 3.7 Dodging
 - Level 2.1 Stealth
 + Level 1.8 Shields
 + Level 4.5 Unarmed Combat


You had 4 spell levels left.
You didn't know any spells.
Your spell library was empty.

Dungeon Overview and Level Annotations

Branches:
Dungeon (4/15)              Sewer (1/1)
 Temple: D:4-7

Altars:
Ashenzari
Qazlal

Annotations:
D:3 2 transporters, Yorgos's ghost, amateur FoFi


Innate Abilities, Weirdness & Mutations

You thrive by killing the living.
You are immune to poison.
You have sharp fingernails.
Your flesh is cold resistant. (rC+)
You are immune to negative energy. (rN+++)
You do not regenerate when monsters are visible.
You are immune to unholy pain and torment.
You can survive without breathing.


Message History

You enter the shallow water.
Moving in this stuff is going to be slow.
The river rat barely misses you. You block the river rat's attack. x2
You closely miss the river rat. The rat misses you.
The rat splashes around in the water.
You block the river rat's attack. The river rat closely misses you.
You barely miss the river rat.
The rat splashes around in the water.
The rat bites you.
* * * LOW HITPOINT WARNING * * *
The river rat bites you.
* * * LOW HITPOINT WARNING * * *
You block the river rat's attack.
You claw the river rat!
The river rat is heavily wounded.
The rat barely misses you. The rat bites you.
* * * LOW HITPOINT WARNING * * *
The river rat bites you!
* * * LOW HITPOINT WARNING * * *
The river rat bites you.
You die...

.######################
...≈≈≈≈≈≈≈≈≈≈≈≈≈≈≈....##
...≈≈≈rrr≈≈≈≈≈≈≈≈≈≈....#
..≈r≈≈r@≈≈≈≈≈≈≈≈≈≈..∩..#
...≈≈≈≈≈≈≈≈≈≈≈≈≈≈≈≈.∩..#
...≈≈≈≈≈≈≈.≈≈≈≈≈≈≈≈....#
#..≈≈≈≈≈≈≈≈≈≈≈≈≈≈≈#...##
#######################


You could see 2 river rats and 3 rats.

Vanquished Creatures
  An orc priest (D:3)
  An orc wizard (D:3)
  4 adders
  3 oozes
  3 worms (D:3)
  A dart slug (D:3)
  2 leopard geckos
  5 orcs (D:3)
  4 giant cockroaches
  7 goblins
  7 hobgoblins
  8 jackals
  5 kobolds
  2 quokkas
  3 ball pythons
  4 bats
  6 frilled lizards
  15 rats
81 creatures vanquished.

Vanquished Creatures (others)
  6 plants (D:3)
6 creatures vanquished.

Grand Total: 87 creatures vanquished

Notes
Turn   | Place    | Note
-------+----------+-------------------------------------------
     0 | D:1      | Borgoz the Ghoul Monk began the quest for the Orb.
     0 | D:1      | Reached XP level 1. HP: 19/19 MP: 0/0
   323 | D:1      | Reached XP level 2. HP: 20/26 MP: 1/1
  1242 | D:2      | Reached XP level 3. HP: 33/33 MP: 2/2
  1358 | D:2      | Found a broken altar of Ashenzari.
  1554 | D:2      | Reached XP level 4. HP: 29/40 MP: 3/3
  2144 | D:3      | Reached skill level 1 in Shields
  2179 | D:3      | Identified the +2 spear "Ogre's Demise" {venom, Int+2}
  2268 | D:3      | Noticed Yorgos's ghost (amateur FoFi)
  2322 | D:3      | Noticed a fire elemental
  2323 | D:3      | Found a stormy altar of Qazlal.
  2327 | D:3      | Noticed an earth elemental
  3020 | D:3      | Reached XP level 5. HP: 46/46 MP: 4/4
  3354 | D:3      | Noticed an air elemental
  3356 | D:3      | Noticed a water elemental
  3635 | D:3      | Found a transporter.
  3832 | D:3      | Found a transporter.
  3955 | D:4      | Found a glowing drain.
  3992 | Sewer    | Entered a sewer
  4019 | Sewer    | HP: 1/47 [river rat (8)]
  4019 | Sewer    | Slain by a river rat

Illustrated notes

Levels and vault maps discovered:
D:1:      wander_arrival_fairy_ring, layout_basic, chequers_mini_garden,
          chequers_serial_rivers_marsh, chequers_garden
D:2:      layout_loops_cross, old_standard_altar, roderic_serpentine_path
D:3:      minmay_wonky_spiral, layout_loops_cross,
          gammafunk_ghost_gnarly_gnolls, nicolae_qazlal_style_of_elements
D:4:      layout_cave_pools, old_standard_altar, minmay_temple_entry_statues,
          enter_ossuary_3, gup_sewer_entry_bubbles, yredelemnul_altar_generic
Sewer:    sewer_minmay_w

Skill      XL: |  1  2  3  4 |
---------------+-------------+-----
Dodging        | 3 |  3.7
Fighting       | 4 |  4.5
Shields        | 1 |  1.8
Unarmed Combat | 4 |  4.5
Stealth        | |  2.1

Action                   |  1- 3 |  4- 6 || total
-------------------------+-------+-------++-------
Melee: Unarmed           |   105 |   213 ||   318
       Punch             |     2 |       ||     2
  Use: Scroll            |       |     7 ||     7
 Stab: Sleeping          |     7 |     2 ||     9
Armor: Robe              |    21 |    19 ||    40
Dodge: Dodged            |    80 |   112 ||   192
Block: Buckler           |     3 |    29 ||    32
